[Event "European Corporate Championship 2022"]
[Site "Rotterdam"]
[Date "2022.06.18"]
[Round "2.1"]
[White "Van Wely, Loek"]
[Black "Barski, Radoslaw"]
[Result "1/2-1/2"]
[ECO "A13"]
[WhiteElo "2618"]
[BlackElo "2434"]
[Annotator "TA"]
[PlyCount "136"]
[EventDate "2022.06.18"]
[EventType "team-tourn"]
[EventCountry "NED"]
[SourceTitle "playchess.com"]
[Source "ChessBase"]
[SourceQuality "1"]
[TimeControl "900+5"]

1. Nf3 d5 2. c4 e6 3. g3 Nf6 4. Bg2 dxc4 5. Qa4+ Nbd7 6. Qxc4 a6 7. Qc2 c5 8. O-O Ra7 {[%emt 0:00:56] A13: English Opening: 1...e6.} 9. d4 b5 10. Rd1 (10. Be3 $16) 10... Qb6 (10... Bb7 $11 {is superior.}) 11. a4 {[%emt 0:00:18] [#] White is more active.} bxa4 $146 (11... Bb7 $14) ({Predecessor:} 11... Bb7 12. axb5 axb5 13. Rxa7 Qxa7 14. Bg5 Be7 15. Na3 b4 16. Nc4 {½-½ (16) Freisler,P (2350)-Houser,P (2340) Czech Republic 1996}) 12. Rxa4 (12. Qxa4 $6 Bb7 $16) ({Better is} 12. Nc3 $1 ) 12... Bb7 $16 13. Nbd2 {[%emt 0:01:05] Against Be4} (13. Nc3 $16) 13... Bc6 14. Ra1 Qb7 15. Nc4 Be4 16. Qa4 cxd4 (16... Bc6 $16 17. Qa5 Bd5) 17. Rxd4 $18 Bc5 {[%emt 0:00:43] [#]} 18. Nd6+ $2 (18. b4 $1 $18 Be7 19. Be3) 18... Bxd6 $16 19. Rxd6 O-O 20. Be3 Raa8 21. b4 Rfb8 22. g4 h6 23. h4 ({But not} 23. Rxa6 Rxa6 24. Qxa6 Qxb4 $15) 23... Rd8 24. g5 hxg5 25. Bxg5 Qc7 26. Rdd1 ({Much worse is} 26. Rxa6 Rxa6 27. Qxa6 Ra8 28. Qxa8+ Bxa8 29. Rxa8+ Kh7 $17) 26... Rdb8 27. Rac1 Qb7 28. Rd4 e5 29. Rd6 Qxb4 30. Qxb4 Rxb4 31. Bh3 Bxf3 32. exf3 Nf8 33. Rc7 $2 (33. Rc8 $11 Rxc8 34. Bxc8) 33... Ne8 $1 $19 34. Rdc6 Nxc7 35. Rxc7 f6 36. Bd2 Rxh4 37. Bf5 Rd4 38. Bc3 Rd1+ 39. Kg2 Rad8 40. Ra7 Rc1 41. Bb2 Re1 {[%emt 0:00:05] ...Rdd1 is the strong threat.} 42. Ba3 (42. Bc3 $142 Rc1 43. Bb2) 42... g6 43. Bc2 Rc8 44. Be4 f5 (44... Rd1 $19 {is more deadly.} 45. Rxa6 f5) 45. Bd5+ $17 Kh8 46. Bb2 $2 (46. f4 $17) 46... Rd8 (46... Re2 $19 {has better winning chances.} 47. Ba3 Nh7) 47. Bc4 {[%emt 0:00:03] A strong pair of Bishops.} Rc8 $2 (47... Nd7 $17 {[%cal Od8b8] aiming for ...Rb8!} 48. Bxa6 Rb8) 48. Bd5 $1 $19 Rb8 $2 (48... Re2 $19 49. Ba3 Nh7 50. Rxa6 Rcc2 51. Rxg6 Rxf2+ 52. Kg1 {[#]} Ng5 $1 53. Rxg5 Rfd2) 49. Bc3 $11 Re2 50. f4 $1 Rd8 51. Bc4 (51. Kf1 $11 {feels stronger.}) 51... Rc8 $15 52. Bxe2 Rxc3 53. fxe5 Rc6 (53... Ne6 $5 54. Bf3 (54. Bxa6 Nf4+ 55. Kh2 Rh3+ 56. Kg1 Ra3 $17) 54... Rc5 55. Rxa6 Rxe5 $17) 54. Rxa6 {[%emt 0:00:08] The position is equal.} Rxa6 55. Bxa6 $11 {[%emt 0:00:01][%mdl 4096] Endgame KB-KN} Kg7 56. Bc8 Kf7 57. Kg3 Ke7 58. Kh4 Kd8 59. Ba6 Ke7 60. Bc4 {[%emt 0:00:17] Strongly threatening Kg5.} Nd7 $1 61. f4 {[%emt 0:00:01] Black must now prevent Kg5.} Kf8 $1 62. Kg5 Kg7 $1 63. e6 Nf6 64. e7 Ne4+ 65. Kh4 Nd6 66. Kg5 Ne4+ 67. Kh4 Nd6 68. Kg5 Ne4+ {[%emt 0:00:10] White used his chance.  Weighted Error Value: White=0.37/Black=0.41} 1/2-1/2

[Event "European Corporate Championship 2022"]
[Site "Rotterdam"]
[Date "2022.06.18"]
[Round "2.2"]
[White "Celinski, Kamil"]
[Black "Rietman, Frits"]
[Result "1/2-1/2"]
[ECO "B01"]
[WhiteElo "1907"]
[BlackElo "2237"]
[Annotator "TA"]
[PlyCount "97"]
[EventDate "2022.06.18"]
[EventType "team-tourn"]
[EventCountry "NED"]
[SourceTitle "playchess.com"]
[Source "ChessBase"]
[SourceQuality "1"]
[TimeControl "900+5"]

1. e4 d5 2. exd5 Qxd5 3. Nc3 Qd6 4. Nf3 Nf6 5. d4 c6 6. g3 {[%emt 0:00:26] B01: Scandinavian Defence.} Bg4 7. Bg2 e6 8. Bf4 {[%emt 0:00:12] White is slightly better.} Qd8 9. Qd2 Bxf3 10. Bxf3 Bd6 11. O-O O-O 12. Rad1 Bxf4 13. Qxf4 {[%emt 0:00:05] [#]} Nbd7 $146 ({Predecessor:} 13... Na6 14. Ne4 Nxe4 15. Bxe4 Qa5 16. a3 Rad8 17. c4 Qc7 18. Qh4 g6 19. Rd2 e5 {½-½ (84) Vujacic,I (2194)-Abramovic,D (2089) Podgorica 2014}) 14. Rfe1 Nb6 15. Ne4 Nxe4 16. Bxe4 a5 17. Bd3 Nd5 18. Qe4 {[%emt 0:00:06][%csl Gd3][%cal Re4h7] [#]} Nf6 19. Qf3 Qd5 20. Qxd5 cxd5 21. a4 Rfc8 22. c3 Ne8 23. f4 Nd6 24. f5 exf5 (24... Nxf5 $11 25. Bxf5 exf5) 25. Re5 $14 Nc4 26. Bxc4 Rxc4 27. Rxd5 $16 {[%emt 0:00:07][%mdl 4096] Endgame KRR-KRR} (27. Rxf5 Rd8 $11) 27... g6 28. Rb5 Re8 (28... Rxa4 $14 29. Rxb7 Kf8) 29. Kf2 (29. Rxa5 $142 Kf8 30. Kf2) 29... Rxa4 30. Rxb7 Ra2 $2 {[%emt 0:00:18][%mdl 8192] [#]} (30... h5 $16) 31. Rd2 a4 32. Kf3 $2 (32. d5 $18) 32... Rc8 33. Re2 {[%emt 0:01:07] White is more active.} (33. Rc2 $16) 33... a3 $11 34. bxa3 (34. Kf4 $11 {remains equal.}) 34... Rxc3+ $17 35. Kf2 ({Better is} 35. Re3 Rxe3+ 36. Kxe3) 35... Rcxa3 36. Rxa2 Rxa2+ {[%emt 0:00:01] KR-KR} 37. Kg1 (37. Ke3 $17 {is a better defense.}) 37... Rd2 $19 38. Rd7 (38. Rb4 $142) 38... Kf8 39. h4 Ke8 40. Rd5 Ke7 41. Kf1 Ke6 42. Re5+ Kf6 43. Rd5 g5 $2 ({Black should play} 43... h5 $19 {White must now prevent ...Ke6.} 44. Rd6+ Ke7) 44. Rd6+ (44. hxg5+ $11 Kxg5 45. Rd7) 44... Ke7 $17 45. Rh6 f4 ({Don't play} 45... Rxd4 $6 46. hxg5 Rg4 47. Kf2 $11) (45... g4 $17) 46. gxf4 {[%emt 0:00:06] The position is equal.} gxf4 47. Rxh7 Kf6 48. Rh5 Rxd4 49. Kf2 {[%emt 0:00:20] What a bad dream for Black.  Weighted Error Value: White=0.32/Black=0.30} 1/2-1/2

[Event "European Corporate Championship 2022"]
[Site "Rotterdam"]
[Date "2022.06.18"]
[Round "2.3"]
[White "Groenewold, Jan Joris"]
[Black "Wisniewski, Jacek"]
[Result "0-1"]
[ECO "E90"]
[WhiteElo "2134"]
[BlackElo "1850"]
[Annotator "NA RC"]
[PlyCount "86"]
[EventDate "2022.06.18"]
[EventType "team-tourn"]
[EventCountry "NED"]
[SourceTitle "playchess.com"]
[Source "ChessBase"]
[SourceQuality "1"]
[TimeControl "900+5"]

1. d4 Nf6 2. Nf3 g6 3. c4 Bg7 4. Nc3 O-O 5. e4 d6 6. h3 e5 7. d5 a5 8. Be3 Na6 9. g4 b6 10. Nd2 Nc5 11. b3 Ne8 12. g5 f5 13. gxf6 Nxf6 14. Be2 Bd7 15. a3 Qc8 16. b4 Nb7 17. h4 Ng4 18. Bxg4 Bxg4 19. f3 axb4 20. axb4 Rxa1 21. Qxa1 Bxf3 22. Nxf3 Rxf3 23. Kd2 Nd8 24. Qd1 Rh3 25. h5 gxh5 26. Rg1 Nf7 27. Qf1 Rh2+ 28. Kd3 Qh3 29. Nb5 Ng5 30. Nxc7 Nf3 31. Qxh3 Rxh3 32. Ra1 Nd4 33. Rg1 Kf7 34. Kd2 Nf3+ 35. Ke2 Nxg1+ 36. Bxg1 Rc3 37. Nb5 Rc1 38. Bxb6 Bf8 39. Kd3 h4 40. Be3 Rb1 41. c5 dxc5 42. Nc3 Rxb4 43. Bg1 h3 0-1

[Event "European Corporate Championship 2022"]
[Site "Rotterdam"]
[Date "2022.06.18"]
[Round "2.4"]
[White "Basiaga, Sebastian"]
[Black "Muller, Kenneth"]
[Result "1-0"]
[ECO "B01"]
[WhiteElo "1749"]
[BlackElo "1884"]
[Annotator "NA RC"]
[PlyCount "103"]
[EventDate "2022.06.18"]
[EventType "team-tourn"]
[EventCountry "NED"]
[SourceTitle "playchess.com"]
[Source "ChessBase"]
[SourceQuality "1"]
[TimeControl "900+5"]

1. e4 d5 2. exd5 Qxd5 3. Nc3 Qd8 4. d4 Nf6 5. Nf3 Bg4 6. Be2 e6 7. Be3 c6 8. Ne5 Bxe2 9. Qxe2 Nbd7 10. O-O Bd6 11. Nc4 Bc7 12. Bg5 h6 13. Bh4 g5 14. Bg3 Bxg3 15. hxg3 Qe7 16. a3 h5 17. Rfe1 Nd5 18. Ne4 O-O-O 19. b4 Kb8 20. Ne5 Nxe5 21. dxe5 h4 22. g4 Nf4 23. Qe3 h3 24. g3 Ng2 25. Qxg5 Qxg5 26. Nxg5 Nxe1 27. Rxe1 h2+ 28. Kh1 Rd2 29. f4 Rg8 30. c4 Kc7 31. Ne4 Ra2 32. g5 Rxa3 33. Kxh2 Rh8+ 34. Kg2 Ra2+ 35. Kf3 Rc2 36. Nd6 Rh7 37. c5 Rb2 38. Re4 a6 39. Rd4 Rb3+ 40. Kg4 Rh1 41. Nxf7 Rg1 42. Kh5 Rbxg3 43. Nd8 Rh3+ 44. Kg6 Rh8 45. Nxe6+ Kb8 46. f5 Rgh1 47. f6 Rg8+ 48. Ng7 Re1 49. f7 Rf8 50. e6 Kc8 51. Kf6 Rf1+ 52. Nf5 1-0

[Event "European Corporate Championship 2022"]
[Site "Rotterdam"]
[Date "2022.06.18"]
[Round "2.5"]
[White "Pardo Simon, David"]
[Black "Nijboer, Friso"]
[Result "1-0"]
[ECO "E92"]
[WhiteElo "2461"]
[BlackElo "2464"]
[Annotator "TA"]
[PlyCount "71"]
[EventDate "2022.06.18"]
[EventType "team-tourn"]
[EventCountry "NED"]
[SourceTitle "playchess.com"]
[Source "ChessBase"]
[SourceQuality "1"]
[TimeControl "900+5"]

1. Nf3 g6 2. d4 Nf6 3. c4 Bg7 4. Nc3 d6 5. e4 O-O 6. Be2 e5 7. Be3 exd4 8. Nxd4 Re8 9. f3 c6 10. Bf2 d5 11. exd5 cxd5 12. O-O Nc6 13. c5 Bd7 {[%emt 0:00:02] E92: King's Indian: Classical: 6 Be2 e5: 7 dxe5, 7 Be3 and Petrosian System without 7...Nbd7.} 14. Re1 Bf8 15. Kh1 Rc8 {[%emt 0:00:40] [#] The position is equal.} 16. Ndb5 $146 ({Predecessor:} 16. Nxc6 bxc6 17. Qa4 Rb8 18. b3 a5 19. a3 Nh5 20. Bf1 Bg7 21. Rxe8+ Bxe8 22. Rc1 {0-1 (35) Van Leusden,D (2016)-Schippers,M (2270) Groningen 2018}) 16... d4 17. Nxd4 Nxd4 18. Bxd4 Bxc5 $2 {[%emt 0:00:03][%mdl 8192] [#]} (18... Bc6 $14) 19. Bxf6 $18 Qxf6 20. Qxd7 Bd4 (20... Qe7 $142 21. Qxe7 Rxe7) 21. Ne4 Qg7 22. Nd6 Red8 23. Qxc8 Rxc8 24. Nxc8 Bxb2 25. Rad1 {[%emt 0:00:02] [#] Strongly threatening Rd8+.} Qc3 26. Nd6 Ba3 (26... Kg7 $142 27. Bd3 Ba3 28. Nxb7 Qb2) 27. Ne4 Qc6 28. Rd8+ Kg7 29. Red1 a5 30. R8d7 h6 31. R7d5 Bb4 (31... Qc2 $142 32. R5d2 (32. Rxa5 Qxe2 33. Rb1 Qd3 $11) 32... Qc6) 32. Bb5 {[%emt 0:00:22] White is clearly winning.} Qc2 33. a4 g5 (33... b6 $142 34. Nd6 Bxd6 35. Rxd6 h5) 34. Rd7 g4 35. Rf1 b6 36. Ng3 {[%emt 0:00:50] Black got outplayed after the opening.  Weighted Error Value: White=0.37/Black=0.93} 1-0

[Event "European Corporate Championship 2022"]
[Site "Rotterdam"]
[Date "2022.06.18"]
[Round "2.6"]
[White "De Vreugt, Dennis"]
[Black "Jain Aum"]
[Result "1-0"]
[ECO "C10"]
[WhiteElo "2393"]
[BlackElo "1591"]
[Annotator "TA"]
[PlyCount "103"]
[EventDate "2022.06.18"]
[EventType "team-tourn"]
[EventCountry "NED"]
[SourceTitle "playchess.com"]
[Source "ChessBase"]
[SourceQuality "1"]
[TimeControl "900+5"]

1. e4 e6 2. d4 d5 3. Nc3 dxe4 4. Nxe4 Nd7 5. Nf3 Ngf6 6. Nxf6+ Nxf6 7. Bd3 {[%emt 0:00:03] The old main line.} Be7 8. Qe2 b6 {[%emt 0:01:18] C10: French with 3 Nc3: Unusual Black 3rd moves and 3...dxe4.} 9. Bb5+ Bd7 10. Ne5 O-O {[%emt 0:01:15] The position is equal.} (10... Bxb5 {keeps more tension.} 11. Qxb5+ Kf8 12. Qc6 Qd5) 11. Nxd7 Nxd7 12. Bc6 Rb8 13. Be3 Nf6 {[%emt 0:01:33] [#]} 14. O-O-O $146 ({Predecessor:} 14. O-O Qd6 15. Bf3 Nd5 16. Bd2 c5 17. c4 Nf6 18. dxc5 Qxc5 19. Bc3 Rbd8 20. Rfd1 {1-0 (48) Vass,L (2114)-Baranyi,P (1866) Hungary 2015}) 14... Nd5 15. a3 (15. Qf3 $11) 15... Qd6 16. Qc4 b5 17. Bxb5 a6 18. Ba4 {[%emt 0:01:09] [#]} (18. Bc6 $17 {was forced.}) 18... Rxb2 $3 $19 19. Rd3 (19. Kxb2 $2 {is the wrong capture.} Qxa3+ 20. Kb1 Nc3+ 21. Qxc3 Qxc3 $19) (19. Kd2 Rfb8) 19... Nb6 $2 (19... Rfb8 $19 20. Kd2 Nb6) 20. Qc6 $17 ({Wrong is} 20. Qxa6 $2 Ra2 21. Kb1 Rxa3 22. Rxa3 Qxa3 $19) 20... Nxa4 21. Qxa4 Rfb8 22. Kd2 f5 ({Black should play} 22... Qd5 $17 23. f3 h6) 23. g3 g5 (23... Qd5 $17 24. Rc1 R2b5) 24. f3 Qd5 25. Rf1 ({Better is} 25. Rc3 $1 $15) 25... Qd6 (25... Rd8 $17 {Strongly threatening ...Bf6.} 26. Rf2 Bf6) 26. Qc4 R8b6 27. Rc3 $1 Rb7 28. Re1 Kf7 29. Bf2 {[%emt 0:00:12] Hoping for Rce3.} c5 30. Qxc5 Qxc5 31. dxc5 Rd7+ 32. Kc1 Rb5 33. Rd1 Rc7 34. c6 $36 {[%emt 0:00:08][%mdl 2048] Black is under pressure.} Bf6 35. Rc4 Be7 {[%emt 0:00:06] [#]} (35... Rb8 $11) 36. Rd3 $1 $16 {[%emt 0:00:03] White is more active.} Ra5 $2 (36... e5 $16) 37. Kb2 $2 (37. Bb6 $18 {is the precise move to win.}) 37... Rb5+ 38. Rb3 Bf6+ 39. Ka2 {[%emt 0:00:02] And now a4 would win.} Rd5 $2 (39... Ke7 $16) 40. Rb7 $18 Rxb7 (40... Rdd7 $142 41. Rcb4 (41. cxd7 Rxb7 42. Rd4 Bxd4 $11) 41... Re7) 41. cxb7 {[%emt 0:00:01][%mdl 4096] Endgame KRB-KRB} Rb5 42. Rb4 {[%emt 0:00:02] Inhibits Rb2+.} Be5 43. Ba7 Rxb4 (43... Rd5 $142 44. Be3 Bb8 45. Bxg5 a5) 44. axb4 {[%emt 0:00:00] KB-KB} h5 45. b8=Q {[%emt 0:00:02] White mates.} Bxb8 46. Bxb8 {[%emt 0:00:00] KB-KP} Kf6 47. f4 gxf4 48. gxf4 h4 49. h3 Ke7 50. c4 Kd7 51. Be5 Kc6 52. Kb3 {[%emt 0:00:01] Never resign too early!  Weighted Error Value: White=0.36/Black=0.45} 1-0

[Event "European Corporate Championship 2022"]
[Site "Rotterdam"]
[Date "2022.06.18"]
[Round "2.7"]
[White "Maral Pranav"]
[Black "Duivenvoorde, Cees"]
[Result "0-1"]
[ECO "D55"]
[WhiteElo "1329"]
[BlackElo "2020"]
[Annotator "NA RC"]
[PlyCount "84"]
[EventDate "2022.06.18"]
[EventType "team-tourn"]
[EventCountry "NED"]
[SourceTitle "playchess.com"]
[Source "ChessBase"]
[SourceQuality "1"]
[TimeControl "900+5"]

1. d4 d5 2. c4 e6 3. Nc3 Nf6 4. Bg5 Be7 5. e3 O-O 6. Nf3 b6 7. Be2 Bb7 8. Bxf6 Bxf6 9. cxd5 exd5 10. O-O Re8 11. a4 Nd7 12. a5 g6 13. a6 Bc6 14. b4 Rc8 15. b5 Ba8 16. Qb3 Nf8 17. Rfc1 Ne6 18. Na2 Nxd4 19. Nxd4 Bxd4 20. Rab1 Bg7 21. Bg4 f5 22. Bf3 Kh8 23. Nb4 Qd7 24. Nxd5 c5 25. Rd1 Qe6 26. Qc4 Red8 27. Rbc1 Rd6 28. Nf4 Rxd1+ 29. Bxd1 Qxc4 30. Rxc4 Rd8 31. Bf3 Bxf3 32. gxf3 Rd1+ 33. Kg2 Rb1 34. e4 Rxb5 35. exf5 gxf5 36. Nd5 Ra5 37. Ne7 Rxa6 38. Nxf5 Ra2 39. Re4 h6 40. h4 Rd2 41. Re8+ Kh7 42. h5 Rd7 0-1

[Event "European Corporate Championship 2022"]
[Site "Rotterdam"]
[Date "2022.06.18"]
[Round "2.9"]
[White "Haast, Mark"]
[Black "Kanyamarala, Tarun"]
[Result "1/2-1/2"]
[ECO "A26"]
[WhiteElo "2414"]
[BlackElo "2388"]
[Annotator "RC"]
[PlyCount "80"]
[EventDate "2022.06.18"]
[EventType "team-tourn"]
[EventCountry "NED"]
[SourceTitle "playchess.com"]
[Source "ChessBase"]
[SourceQuality "1"]
[TimeControl "900+5"]

1. c4 f5 2. g3 Nf6 3. Bg2 g6 4. Nc3 Bg7 5. d3 O-O 6. e4 e5 7. Nge2 d6 8. O-O Nc6 9. Nd5 Nd7 10. exf5 gxf5 11. f4 Nc5 12. fxe5 dxe5 13. Be3 Ne6 14. Qd2 Ne7 15. d4 Ng6 16. dxe5 Nxe5 17. b3 c6 18. Ndf4 Ng4 19. Rad1 Nxe3 20. Qxe3 Qb6 21. Qxb6 axb6 22. Nxe6 Bxe6 23. Nf4 Bf7 24. a4 Rad8 25. Bf3 Rfe8 26. Rxd8 Rxd8 27. Rd1 Rd4 28. Kf2 b5 29. axb5 cxb5 30. cxb5 Bxb3 31. Rxd4 Bxd4+ 32. Kg2 Bc4 33. Bxb7 Bxb5 34. Bd5+ Kh8 35. Kf3 Bg1 36. h3 Kg7 37. g4 fxg4+ 38. hxg4 Bb6 39. Be4 h6 40. Bd3 Bxd3 1/2-1/2

[Event "European Corporate Championship 2022"]
[Site "Rotterdam"]
[Date "2022.06.18"]
[Round "2.10"]
[White "Flynn, Jacob"]
[Black "Schouten, Jordy"]
[Result "0-1"]
[ECO "D80"]
[WhiteElo "2205"]
[BlackElo "2121"]
[Annotator "TA"]
[PlyCount "71"]
[EventDate "2022.06.18"]
[EventType "team-tourn"]
[EventCountry "NED"]
[SourceTitle "playchess.com"]
[Source "ChessBase"]
[SourceQuality "1"]
[TimeControl "900+5"]

1. d4 Nf6 2. c4 g6 3. Nc3 d5 4. Bg5 Bg7 5. Bxf6 Bxf6 6. cxd5 {[%emt 0:00:03] D80: Grünfeld: Unusual White 4th moves and 4 Bg5.} O-O 7. e4 (7. e3 $14 {is superior.}) 7... c6 8. Nf3 {[%emt 0:00:40] The position is equal.} Bg7 9. Bc4 Bg4 10. e5 b5 11. Be2 b4 12. Na4 cxd5 13. O-O {[%emt 0:01:53] [#]} Nd7 $146 ({Predecessor:} 13... Qa5 14. b3 Bxf3 15. Bxf3 e6 16. Qd2 Nd7 17. a3 Rfb8 18. Rfc1 Bf8 19. Bd1 Rc8 {0-1 (59) Xiong,J (2665)-Durarbayli,V (2618) Saint Louis 2018}) 14. Ne1 {[%emt 0:00:18][%cal Bf3e1,Be1d3,Bd3c5][%mdl 32] Pair of Knights!} (14. Ng5 {is more complex.} Bxe2 15. Qxe2 e6 16. f4) 14... Bxe2 15. Qxe2 Rc8 16. Nd3 Qa5 17. Nac5 Nxc5 18. Nxc5 Rc6 19. b3 ({White should try} 19. a3 $14) 19... e6 20. Kh1 (20. Qe1 $11) 20... Rfc8 $17 21. Qd2 {[%emt 0:02:05] [#]} (21. g3 $15) 21... Bxe5 $1 22. Nxe6 Rxe6 23. dxe5 Rxe5 24. a3 Rc3 25. f4 Ree3 26. axb4 Qb5 27. f5 Rxb3 28. fxg6 hxg6 29. Qf2 Re7 {[%emt 0:00:08] Active counter play!} 30. Qf6 Rbe3 31. Qd4 {[%emt 0:00:54] [#]} (31. Rad1 $17 {was worth a try.}) 31... R3e4 $1 $19 32. Qd2 (32. Qc5 {was necessary.} Qd7 33. Rad1) 32... Rxb4 33. Rfd1 Rbe4 {[%emt 0:00:11] Threatens to win with ...d4.} 34. h3 d4 35. Rab1 Qd5 {[%emt 0:00:03] Hoping for ...Re2.} 36. Qh6 $2 {[%emt 0:00:16] Weighted Error Value: White=0.33/Black=0.13 (very precise)} (36. Rb8+ Re8 37. Rxe8+ Rxe8 38. Qf2) 0-1

[Event "European Corporate Championship 2022"]
[Site "Rotterdam"]
[Date "2022.06.18"]
[Round "2.11"]
[White "IJzermans, Cees"]
[Black "Melaugh, Shane"]
[Result "0-1"]
[ECO "A25"]
[WhiteElo "2115"]
[BlackElo "2087"]
[Annotator "NA RC"]
[PlyCount "101"]
[EventDate "2022.06.18"]
[EventType "team-tourn"]
[EventCountry "NED"]
[SourceTitle "playchess.com"]
[Source "ChessBase"]
[SourceQuality "1"]
[TimeControl "900+5"]

1. c4 e5 2. Nc3 Nc6 3. g3 f5 4. Bg2 Nf6 5. d3 Bb4 6. Qb3 Nd4 7. Qa4 O-O 8. e3 Nc6 9. Nge2 d5 10. a3 Bxc3+ 11. Nxc3 d4 12. Nd5 e4 13. exd4 Nxd5 14. cxd5 Qxd5 15. Be3 Bd7 16. Rc1 Ne5 17. Qd1 Nf3+ 18. Bxf3 exf3 19. Rc5 Qe6 20. Qxf3 f4 21. gxf4 c6 22. Rg1 Rf7 23. Re5 Qb3 24. Qe2 Bf5 25. Rg3 Rd8 26. Bd2 Qxb2 27. Re8+ Rxe8 28. Qxe8+ Rf8 29. Qe5 Qb1+ 30. Ke2 Bg6 31. Qe6+ Bf7 32. Qd7 Qh1 33. Qh3 Qd5 34. Be3 Bh5+ 35. Kf1 Qh1+ 36. Rg1 Be2+ 37. Kxe2 Qxg1 38. Qe6+ Kh8 39. d5 cxd5 40. Qxd5 Qg4+ 41. Kd2 Qc8 42. h4 Qc7 43. h5 h6 44. Qd4 Rc8 45. Ke2 Qc2+ 46. Kf1 Qd1+ 47. Kg2 Qg4+ 48. Kf1 Qxh5 49. Qd7 Rc2 50. Kg1 Re2 51. Qc8+ 0-1

[Event "European Corporate Championship 2022"]
[Site "Rotterdam"]
[Date "2022.06.18"]
[Round "2.12"]
[White "Dayanand Kanyamarala"]
[Black "Van den Broek, Rene"]
[Result "0-1"]
[ECO "A26"]
[WhiteElo "1142"]
[BlackElo "1980"]
[Annotator "NA RC"]
[PlyCount "28"]
[EventDate "2022.06.18"]
[EventType "team-tourn"]
[EventCountry "NED"]
[SourceTitle "playchess.com"]
[Source "ChessBase"]
[SourceQuality "1"]
[TimeControl "900+5"]

1. c4 e5 2. e4 g6 3. Nc3 Bg7 4. d3 d6 5. g3 Nc6 6. Bg2 Nge7 7. Nge2 Be6 8. O-O Qd7 9. Be3 Bh3 10. Nd5 h5 11. Bxh3 Qxh3 12. Nxc7+ Kd7 13. Nxa8 h4 14. Bxa7 hxg3 0-1

[Event "European Corporate Championship 2022"]
[Site "Rotterdam"]
[Date "2022.06.18"]
[Round "2.13"]
[White "Afek, Yochanan"]
[Black "Warmerdam, Max"]
[Result "0-1"]
[ECO "B22"]
[WhiteElo "2210"]
[BlackElo "2614"]
[Annotator "TA"]
[PlyCount "43"]
[EventDate "2022.06.18"]
[EventType "team-tourn"]
[EventCountry "NED"]
[SourceTitle "playchess.com"]
[Source "ChessBase"]
[SourceQuality "1"]
[TimeControl "900+5"]

1. e4 c5 2. c3 d5 3. exd5 Nf6 4. Bb5+ Nbd7 5. c4 a6 6. Bxd7+ {[%emt 0:00:31] B22: Sicilian: 2 c3.} Bxd7 (6... Kxd7 7. Nc3 $16) 7. Nf3 e6 8. dxe6 {[%emt 0:00:22] White has an edge.} Bxe6 9. b3 Qd3 10. Qe2 Qxe2+ (10... Qc2 $5 11. O-O O-O-O $11) 11. Kxe2 {[%emt 0:00:01] [#]} O-O-O $146 ({Predecessor:} 11... b5 12. Na3 b4 13. Nc2 Bd6 14. Bb2 Nh5 15. Rad1 O-O 16. d4 Rae8 17. Kf1 Bg4 {1-0 (47) Berry,E (1992)-Sani,V (1847) IECC email 2000}) 12. Rd1 Bf5 (12... Bd6 $11) 13. d4 (13. d3 $1 $14) 13... cxd4 (13... Bc2 $5 14. Re1 (14. Rd2 cxd4 15. Rxd4 Bc5 $17) 14... cxd4 $15) 14. Nxd4 Bg6 15. Bb2 (15. Nc3 $11 {keeps the balance.}) 15... Bc5 $36 {[%emt 0:00:38][%mdl 3072] ...Rhe8+ is the strong threat. Black has strong compensation. Black is really pushing.} 16. Na3 Ng4 {[%emt 0:01:58] Hoping for ...Rhe8+. Black is more active.} 17. Nac2 {[%emt 0:00:00] [#]} (17. h3 $1 $15 Rhe8+ 18. Kf1) 17... Rhe8+ $1 $19 {[%emt 0:01:32] Black is clearly better.} (17... Nxh2 18. Ne3 $15) 18. Ne3 Bh5 {[%emt 0:00:36] White must now prevent ...Nxe3+. This bishop pair is nice.} ({Stronger than} 18... Nxh2 19. Nf3 Nxf3 20. Rxd8+ Rxd8 21. Kxf3 $15) 19. Nf3 {[%emt 0:00:00] [#]} Rxd1 ({Worse is} 19... Nxe3 20. Rxd8+ Kxd8 21. fxe3 $15) 20. Rxd1 Bxe3 ({Not} 20... Nxe3 21. fxe3 Rxe3+ 22. Kd2 $17) 21. fxe3 Nxe3 22. Ra1 $2 {[%emt 0:00:00] Weighted Error Value: White=0.43/Black=0.16 (very precise)} (22. Rd3 {is a better chance.} Nxc4+ 23. Kf2 Nxb2 24. Rd2) 0-1

[Event "European Corporate Championship 2022"]
[Site "Rotterdam"]
[Date "2022.06.18"]
[Round "2.14"]
[White "Oudshoorn, Arres"]
[Black "Theulings, Paul-Peter"]
[Result "1/2-1/2"]
[ECO "B03"]
[WhiteElo "2137"]
[BlackElo "2063"]
[Annotator "NA RC"]
[PlyCount "41"]
[EventDate "2022.06.18"]
[EventType "team-tourn"]
[EventCountry "NED"]
[SourceTitle "playchess.com"]
[Source "ChessBase"]
[SourceQuality "1"]
[TimeControl "900+5"]

1. e4 Nf6 2. e5 Nd5 3. d4 d6 4. c4 Nb6 5. exd6 exd6 6. Be3 Be7 7. Nc3 Nc6 8. Nf3 O-O 9. Bd3 Nb4 10. Be2 Bf5 11. Rc1 d5 12. a3 Nc6 13. c5 Nc8 14. Qb3 Be4 15. Qxb7 Qd7 16. Bb5 Na5 17. Qxa8 c6 18. Ne5 Qc7 19. Bxc6 Nd6 20. cxd6 Bxd6 21. Nb5 1/2-1/2

[Event "European Corporate Championship 2022"]
[Site "Rotterdam"]
[Date "2022.06.18"]
[Round "2.15"]
[White "Malachi, Avraham"]
[Black "Lie, Michael"]
[Result "1/2-1/2"]
[ECO "B77"]
[WhiteElo "1997"]
[BlackElo "1798"]
[Annotator "NA RC"]
[PlyCount "59"]
[EventDate "2022.06.18"]
[EventType "team-tourn"]
[EventCountry "NED"]
[SourceTitle "playchess.com"]
[Source "ChessBase"]
[SourceQuality "1"]
[TimeControl "900+5"]

1. e4 c5 2. Nf3 g6 3. d4 cxd4 4. Nxd4 Nc6 5. Nc3 Bg7 6. Be3 Nf6 7. Bc4 O-O 8. Bb3 a5 9. f3 Nxd4 10. Bxd4 d6 11. Qd2 Bd7 12. a4 Bc6 13. O-O-O Nd7 14. h4 h6 15. f4 Nc5 16. h5 e5 17. fxe5 g5 18. exd6 Nxb3+ 19. cxb3 Qxd6 20. Bxg7 Qxd2+ 21. Rxd2 Kxg7 22. Re1 Rfe8 23. g4 Re5 24. Rf2 Bd7 25. Rg2 Rae8 26. Kd2 Bc6 27. Rge2 Bd7 28. Rg2 Bc6 29. Rge2 Bd7 30. Rg2 1/2-1/2